 Dungeon Crawl Stone Soup version 0.31.0-11-ge490571c62 (webtiles) character file.

Game seed: 13138675267199621149

37 hawla the Scratcher (level 3, 0/18 HPs)
             Began as a Felid Shapeshifter on Jan 27, 2024.
             Slain by Terence
             ... wielding a +0 hand axe
              (10 damage)
             ... on level 2 of the Dungeon.
             The game lasted 00:02:47 (941 turns).

hawla the Scratcher (Felid Shapeshifter)             Turns: 941, Time: 00:02:48

Health: 0/18       AC:  1    Str: 12    XL:     3   Next: 23%
Magic:  4/4        EV: 17    Int: 13    God:
Gold:   101        SH:  0    Dex: 15    Spells: 2/2 levels left
                                        Lives:  0   Deaths: 1

rFire   . .          .
                       - Unarmed
rCold   . . .        (shield unavailable)
rNeg    . . .        (body armour unavailable)
rPois   .            (helmet unavailable)
rElec   .            (cloak unavailable)
rCorr   .            (gloves unavailable)
SInv    +            (boots unavailable)
Will    .....        e - amulet of regeneration
Stlth   +            (no ring)
HPRegen 1.03/turn    (no ring)
MPRegen 0.09/turn

%: no passive effects
@: beast-form
A: beast (slay +1), very small, claws 1, fangs 3, see invisible, shaggy fur 1,
stealthy paws, no weapons or thrown items, no armour, multi-lived
a: Begin Untransformation


You were on level 2 of the Dungeon.
You were a hulking beast.
You visited 1 branch of the dungeon, and saw 2 of its levels.

You collected 101 gold pieces.

Inventory:

Jewellery
 e - an amulet of regeneration (around neck)
Talismans
 b - a beast talisman
 c - a flux talisman
Scrolls
 a - 2 scrolls of identify {unknown}
 d - a scroll of teleportation {unknown}
 g - 2 scrolls of fog {unknown}
 i - a scroll of noise {unknown}
 k - a scroll of vulnerability {unknown}
 l - a scroll of blinking {unknown}
Potions
 f - a potion of heal wounds {unknown}
 h - a potion of berserk rage {unknown}
 j - a potion of brilliance {unknown}


   Skills:
 - Level 1.0 Fighting
 - Level 2.7 Dodging
 + Level 4.3 Unarmed Combat
 - Level 2.7 Shapeshifting


You had 2 spell levels left.
You didn't know any spells.
Your spell library was empty.

Dungeon Overview and Level Annotations

Branches:
Dungeon (2/15)

Altars:

Annotations:
D:2 Terence


Innate Abilities, Weirdness & Mutations

You are a hulking beast.
Your limbs bulge with bestial killing power. (Slay +1)
You have sharp claws.
You have razor-sharp teeth.
You have supernaturally acute eyesight. (SInv)
You are covered in fur. (AC +1)
Your paws help you pounce on unaware monsters.
You are incapable of wielding weapons or throwing items.
You cannot wear armour.
You gain extra lives every three experience levels.


Message History

You claw the ribbon worm!
You kill the ribbon worm!
You now have 101 gold pieces (gained 15).
You see here a ribbon worm corpse.
l - a scroll labelled YBALUR LAGYA A rat comes into view.
The rat squeaks loudly.
A rat is nearby!
The rat misses you.
You scratch the rat.
You kill the rat!
No target in view!
No target in view!
You see here a rat corpse.
Found 3 stones.
Found a stone staircase leading down.
Found a robe.
You see here a +0 robe.
Found a dagger.
You see here a +0 dagger.
Terence and a quokka come into view.
Terence is wielding a +0 hand axe and carrying a wand of polymorph.
Found a dagger.
There are monsters nearby!
There are monsters nearby!
Terence shouts!
Terence barely misses you.
You barely miss Terence. Terence hits you with a +0 hand axe.
You scratch Terence.
Terence is lightly wounded.
The quokka bites you. Terence hits you with a +0 hand axe.
You scratch Terence.
Terence is heavily wounded.
The quokka closely misses you. Terence closely misses you.
You claw Terence!
Terence is severely wounded.
The quokka bites you. Terence hits you with a +0 hand axe!
Ouch! That really hurt!
You die...
Terence says, "Time to find some more victims."

####..#..#..#
##..)##..#
##.## .# #.# .#
##.# # #..# .#
#.## #..##
.#####.##......
#.......h@....#
#######..r.).##
......#.#
#.###### # #. #


You could see Terence and a quokka.

Vanquished Creatures
  A ribbon worm (D:2)
  3 ball pythons (D:1)
  2 endoplasms (D:1)
  2 giant cockroaches (D:1)
  3 goblins (D:1)
  A hobgoblin (D:1)
  3 jackals (D:1)
  4 kobolds
  5 quokkas (D:1)
  2 bats (D:1)
  3 frilled lizards
  2 rats
31 creatures vanquished.

Notes
Turn   | Place    | Note
-------+----------+-------------------------------------------
     0 | D:1      | hawla the Felid Shapeshifter began the quest for the Orb.
     0 | D:1      | Reached XP level 1. HP: 10/10 MP: 2/2
   140 | D:1      | Slain by a frilled lizard
   140 | D:1      | Lost a life (0 lives remaining)
   238 | D:1      | Reached XP level 2. HP: 14/14 MP: 3/3
   482 | D:1      | Reached skill level 4 in Unarmed Combat
   652 | D:1      | Reached XP level 3. HP: 6/18 MP: 4/4
   936 | D:2      | Noticed Terence
   941 | D:2      | Slain by Terence

Illustrated notes

Levels and vault maps discovered:
D:1:      minmay_arrival_shoal_huts, layout_basic, wad_floor_pattern_1,
          minmay_heptomino_o4
D:2:      layout_loops_ring, hellmonk_ecumenical_altar_lost_god,
          kennysheep_small_spiral, uniq_terence, uniq_robin

Skill      XL: |  1  2 |
---------------+-------+-----
Unarmed Combat | 4 |  4.3
Fighting       | |  1.0
Dodging        | |  2.7
Shapeshifting  | |  2.7

Action                     || total
---------------------------++-------
  Melee: Unarmed           ||    79
         Punch             ||     1
         Bite              ||     5
    Use: Potion            ||     2
 Armour: Skin              ||    44
  Dodge: Dodged            ||    65
